 Dungeon Crawl Stone Soup version 0.28-a0-823-gb444dcf96d (webtiles) character file.

Game seed: 10679789817200421093

25 MacCMillion the Ruffian (level 2, -3/29 HPs)
             Began as a Troll Monk on Nov 10, 2021.
             Slain by a gnoll (9 damage)
             ... on level 2 of the Dungeon.
             The game lasted 00:01:43 (820 turns).

MacCMillion the Ruffian (Troll Monk)                 Turns: 820, Time: 00:01:44

Health: -3/29      AC:  4    Str: 18    XL:     2   Next: 86%
Magic:  1/1        EV: 10    Int:  6    God:
Gold:   32         SH:  0    Dex: 12    Spells: 1/1 levels left

rFire   . . .      SeeInvis .     - Unarmed
rCold   . . .      Faith    .   (no shield)
rNeg    . . .      Spirit   .   a - +0 robe
rPois   .          Reflect  .   (helmet restricted)
rElec   .          Harm     .   (no cloak)
rCorr   .          Rampage  .   (gloves unavailable)
Will    .....                   (boots unavailable)
Stlth   ++........              (no amulet)
HPRegen 1.09/turn               (no ring)
MPRegen 0.07/turn               (no ring)

@: no status effects
A: large, unfitting armour, claws 3, regeneration 1, shaggy fur 1, tough skin 1
a: no special abilities


You were on level 2 of the Dungeon.
You visited 1 branch of the dungeon, and saw 2 of its levels.

You collected 32 gold pieces.

Inventory:

Armour
 a - a +0 robe (worn)
Magical Staves
 b - a staff of fire
Scrolls
 c - a scroll of blinking {unknown}
 d - 3 scrolls of amnesia {unknown}


   Skills:
 + Level 2.7 Fighting
 + Level 2.8 Dodging
 + Level 1.1 Stealth
 + Level 3.3 Unarmed Combat


You had one spell level left.
You didn't know any spells.
Your spell library contained the following spells:

 Spells                   Type           Power      Damage    Failure   Level
 Ensorcelled Hibernation  Hex/Ice        0%         N/A       58%         2
 Tukima's Dance           Hex            0%         N/A       83%         3


Dungeon Overview and Level Annotations

Branches:
Dungeon (2/15)

Altars:


Innate Abilities, Weirdness & Mutations

You are too large for most types of armour.
You have claws for hands.
Your natural rate of healing is unusually fast.
You are covered in fur. (AC +1)
You have tough skin. (AC +1)


Message History

Found 23 stones.
There is a stone staircase leading down here.
There is a stone staircase leading down here.
d - 3 scrolls labelled WOCOIH JISA Done exploring.
There is a stone staircase leading down here.
You climb downwards.
There is a stone staircase leading up here.
You open the door.
There is an open door here.
You open the door.
There is an open door here.
Found a stone staircase leading down.
A gnoll comes into view. It is wielding a +0 whip.
The gnoll shouts!
You hear a shout! x3
A gnoll is nearby! 3 gnolls come into view.
The gnoll shouts! x2
There is an open door here.
There is an open door here.
The gnoll hits you with a +0 whip.
There is an open door here.
You claw the gnoll!
The gnoll is almost dead.
You scratch the gnoll.
You kill the gnoll!
The gnoll closely misses you. The gnoll barely misses you.
The gnoll hits you with a +0 spear! The gnoll barely misses you.
Things that are here:
a +0 whip; a gnoll corpse You scratch the gnoll.
The gnoll is lightly wounded.
The gnoll hits you with a +0 halberd!
* * * LOW HITPOINT WARNING * * *
The gnoll hits you with a +0 spear.
* * * LOW HITPOINT WARNING * * *
The gnoll completely misses you.
The gnoll hits you from afar with a +0 halberd!
You die...

#......# ########
###......# #......#
........g#####......#
.>......g.g..'......+
.....#########......#
#+###
######g.....####
......gg........
###....)########
+.....@.<# #.....####
#.....# #.....#
#######


You could see 3 gnolls.

Vanquished Creatures
  A gnoll (D:2)
  A ball python (D:1)
  3 bats (D:1)
  2 giant cockroaches (D:1)
  2 goblins (D:1)
  A quokka (D:1)
  2 frilled lizards (D:1)
  2 kobolds (D:1)
  2 rats (D:1)
16 creatures vanquished.

Vanquished Creatures (others)
  A plant (D:1)
  2 withered plants (D:1)
3 creatures vanquished.

Grand Total: 19 creatures vanquished

Notes
Turn   | Place    | Note
-------+----------+-------------------------------------------
     0 | D:1      | MacCMillion the Troll Monk began the quest for the Orb.
     0 | D:1      | Reached XP level 1. HP: 22/22 MP: 0/0
   262 | D:1      | Reached XP level 2. HP: 29/29 MP: 1/1
   427 | D:1      | Found a faded altar of an unknown god.
   820 | D:2      | Slain by a gnoll

Illustrated notes

Levels and vault maps discovered:
D:1:      amcnicky_arrival_single_pillar, layout_loops_cross,
          shapermc_ecumenical_altar_flowoftime, st_stairs_14,
          minmay_misc_feat_alley
D:2:      layout_basic, minivault_23

Action                   || total
-------------------------++-------
Melee: Unarmed           ||    54
       Punch             ||     1
 Stab: Sleeping          ||     2
Armor: Robe              ||    12
Dodge: Dodged            ||    23

Table legend: (Time is in decaauts)
 A = Elapsed time spent in this place.
 B = Non-inter-level travel time spent in this place.
 C = Inter-level travel time spent in this place.
 D = Time resting spent in this place.
 E = Time spent auto-exploring this place.
 F = Levels seen in this place.
 G = Mean time per level.
                   A        B        C        D        E       F      G
               +--------+--------+--------+--------+--------+-----+--------+
         Total |    816 |    782 |     34 |      0 |    603 |   2 |  408.0 |
       Dungeon |    816 |    782 |     34 |      0 |    603 |   2 |  408.0 |
               +--------+--------+--------+--------+--------+-----+--------+

Top non-repeatable levels by time:
     D:1: 777 daAuts
     D:2: 38 daAuts
